| TOP OF THE 1ST |
|
New Orleans Zephyrs batting - Pitching for Albuquerque Isotopes : RHP Rafael Gonzales
|
|
Pitching: RHP Rafael Gonzales
|
|
|
Batting: LHB David Doge
|
0-0: Ball 1-0: Ball 2-0: Swinging Strike 2-1: Foul Ball, location: 2F 2-2: Foul Ball, location: 2F 2-2: Ball 3-2: DOUBLE (Flyball, 89XD, EV 110.6 MPH)
|
|
Batting: RHB Rick Fell
|
0-0: Ball 1-0: Called Strike 1-1: Ball 2-1: Ball 3-1: Base on Balls
|
|
Batting: RHB Manuel Taveras
|
0-0: Ball 1-0: Called Strike David Doge is caught stealing 3rd base 2-5 Rick Fell to second 1-1: Ball 2-1: Foul Ball, location: 2F 2-2: Ball 3-2: Ground out 5-3 (Groundball, 5S, EV 83.8 MPH)
|
|
Batting: RHB Adam McGurn
|
0-0: Called Strike 0-1: Ball 1-1: Ball 2-1: Ball 3-1: Called Strike 3-2: Strikes out swinging
|
| Top of the 1st over - 0 runs, 1 hit, 0 errors, 1 left on base; New Orleans 0 - Albuquerque 0 |
| BOTTOM OF THE 1ST |
|
Albuquerque Isotopes batting - Pitching for New Orleans Zephyrs : RHP John Dinsmore
|
|
Pitching: RHP John Dinsmore
|
|
|
Batting: LHB Alfredo de la Cruz
|
0-0: SINGLE (Groundball, 5D, EV 101.9 MPH)
|
|
Batting: LHB Pablo Cardona
|
0-0: Grounds out, U3 (Groundball, 3L, EV 111.2 MPH)
|
|
Batting: RHB Chris King
|
0-0: Called Strike 0-1: Ground out 6-3 (Groundball, 6, EV 88.8 MPH) Alfredo de la Cruz to third
|
|
Batting: SHB Jamel Wright
|
0-0: Swinging Strike 0-1: Ball 1-1: Foul Ball, location: 2F 1-2: Foul Ball, location: 2F 1-2: Ball 2-2: Foul Ball, location: 2F 2-2: Foul Ball, location: 2F 2-2: Ball 3-2: 2-RUN HOME RUN (Flyball, 89XD, EV 111.9 MPH), Distance : 436 ft
|
|
Batting: LHB Chad Persaud
|
0-0: Foul Ball, location: 2F 0-1: SINGLE (Flyball, 89S, EV 96.2 MPH)
|
|
Batting: RHB Sadataka Kuwahara
|
0-0: Ball 1-0: Called Strike 1-1: Fly out, F9 (Line Drive, 9S, EV 99.4 MPH)
|
| Bottom of the 1st over - 2 runs, 3 hits, 0 errors, 1 left on base; New Orleans 0 - Albuquerque 2 |
| TOP OF THE 2ND |
|
New Orleans Zephyrs batting - Pitching for Albuquerque Isotopes : RHP Rafael Gonzales
|
|
Batting: LHB Eric Bailey
|
0-0: Foul Ball, location: 2F 0-1: Foul Ball, location: 2F 0-2: SINGLE (Line Drive, 34, EV 98.8 MPH)
|
|
Batting: RHB Isaiah Brockman
|
0-0: Ball 1-0: Fly out, F8 (Flyball, 8RXD, EV 95.0 MPH)
|
|
Batting: RHB Torquato Obawole
|
0-0: Called Strike 0-1: Foul Ball, location: 2F 0-2: Strikes out looking
|
|
Batting: RHB Masumitsu Sugiura
|
0-0: Called Strike 0-1: Foul Ball, location: 2F 0-2: Ball Wild Pitch! Eric Bailey to second 1-2: Fly out, F8 (Flyball, 8RD, EV 104.4 MPH)
|
| Top of the 2nd over - 0 runs, 1 hit, 0 errors, 1 left on base; New Orleans 0 - Albuquerque 2 |
| BOTTOM OF THE 2ND |
|
Albuquerque Isotopes batting - Pitching for New Orleans Zephyrs : RHP John Dinsmore
|
|
Batting: SHB Mitchell Greene
|
0-0: Ground out 6-3 (Groundball, 6, EV 80.0 MPH)
|
|
Batting: RHB Logan Morgan
|
0-0: Ball 1-0: Ball 2-0: Ball 3-0: Called Strike 3-1: Base on Balls
|
|
Batting: RHB Joe LaDue
|
0-0: Called Strike 0-1: Ball 1-1: Ball 2-1: Grounds into double play, 4-6-3 (Groundball, 4, EV 88.8 MPH)
|
| Bottom of the 2nd over - 0 runs, 0 hits, 0 errors, 0 left on base; New Orleans 0 - Albuquerque 2 |
| TOP OF THE 3RD |
|
New Orleans Zephyrs batting - Pitching for Albuquerque Isotopes : RHP Rafael Gonzales
|
|
Batting: RHB John Jackson
|
0-0: Foul Ball, location: 2F 0-1: Ball 1-1: Ball 2-1: Ball 3-1: Called Strike 3-2: Ground out 4-3 (Groundball, 34, EV 85.6 MPH)
|
|
Batting: LHB David Doge
|
0-0: Called Strike 0-1: Swinging Strike 0-2: Strikes out swinging
|
|
Batting: RHB Rick Fell
|
0-0: Called Strike 0-1: Fly out, F4 (Popup, 34S, EV 75.6 MPH)
|
| Top of the 3rd over - 0 runs, 0 hits, 0 errors, 0 left on base; New Orleans 0 - Albuquerque 2 |
| BOTTOM OF THE 3RD |
|
Albuquerque Isotopes batting - Pitching for New Orleans Zephyrs : RHP John Dinsmore
|
|
Batting: LHB Alfredo de la Cruz
|
0-0: Called Strike 0-1: Foul Ball, location: 2F 0-2: Ball 1-2: Foul Ball, location: 2F 1-2: Strikes out looking
|
|
Batting: LHB Pablo Cardona
|
0-0: Ball 1-0: Foul Ball, location: 2F 1-1: Called Strike 1-2: Ball 2-2: Ground out 4-3 (Groundball, 4M, EV 105.0 MPH)
|
|
Batting: RHB Chris King
|
0-0: Foul Ball, location: 2F 0-1: Foul Ball, location: 2F 0-2: Foul Ball, location: 2F 0-2: Foul Ball, location: 2F 0-2: Foul Ball, location: 2F 0-2: Strikes out swinging
|
| Bottom of the 3rd over - 0 runs, 0 hits, 0 errors, 0 left on base; New Orleans 0 - Albuquerque 2 |
| TOP OF THE 4TH |
|
New Orleans Zephyrs batting - Pitching for Albuquerque Isotopes : RHP Rafael Gonzales
|
|
Batting: RHB Manuel Taveras
|
0-0: Ball 1-0: Ball 2-0: Foul Ball, location: 2F 2-1: Foul Ball, location: 2F 2-2: Ball 3-2: Base on Balls
|
|
Batting: RHB Adam McGurn
|
0-0: Foul Ball, location: 2F 0-1: Ball 1-1: Foul Ball, location: 2F 1-2: Foul Ball, location: 2F 1-2: Foul Ball, location: 2F 1-2: Strikes out looking
|
|
Batting: LHB Eric Bailey
|
0-0: Ball 1-0: Fielders Choice at 2nd, 6-4 (Groundball, 6S, EV 84.4 MPH)
|
|
Batting: RHB Isaiah Brockman
|
0-0: Called Strike Eric Bailey steals 2nd base 0-1: Ball 1-1: Called Strike 1-2: Ball 2-2: Strikes out swinging
|
| Top of the 4th over - 0 runs, 0 hits, 0 errors, 1 left on base; New Orleans 0 - Albuquerque 2 |
| BOTTOM OF THE 4TH |
|
Albuquerque Isotopes batting - Pitching for New Orleans Zephyrs : RHP John Dinsmore
|
|
Batting: SHB Jamel Wright
|
0-0: Foul Ball, location: 2F 0-1: Ground out 5-3 (Groundball, 5L, EV 104.4 MPH)
|
|
Batting: LHB Chad Persaud
|
0-0: Swinging Strike 0-1: Foul Ball, location: 2F 0-2: Ball 1-2: Strikes out swinging
|
|
Batting: RHB Sadataka Kuwahara
|
0-0: Called Strike 0-1: Ball 1-1: Called Strike 1-2: Foul Ball, location: 2F 1-2: Ground out 6-3 (Groundball, 6, EV 82.5 MPH)
|
| Bottom of the 4th over - 0 runs, 0 hits, 0 errors, 0 left on base; New Orleans 0 - Albuquerque 2 |
| TOP OF THE 5TH |
|
New Orleans Zephyrs batting - Pitching for Albuquerque Isotopes : RHP Rafael Gonzales
|
|
Batting: RHB Torquato Obawole
|
0-0: Ball 1-0: Foul Ball, location: 2F 1-1: Ball 2-1: Ground out 4-3 (Groundball, 4, EV 81.9 MPH)
|
|
Batting: RHB Masumitsu Sugiura
|
0-0: Called Strike 0-1: Swinging Strike 0-2: Ball 1-2: Strikes out looking
|
|
Batting: RHB John Jackson
|
0-0: Ball 1-0: Foul Ball, location: 2F 1-1: Swinging Strike 1-2: Foul Ball, location: 2F 1-2: Strikes out swinging
|
| Top of the 5th over - 0 runs, 0 hits, 0 errors, 0 left on base; New Orleans 0 - Albuquerque 2 |
| BOTTOM OF THE 5TH |
|
Albuquerque Isotopes batting - Pitching for New Orleans Zephyrs : RHP John Dinsmore
|
|
Batting: SHB Mitchell Greene
|
0-0: DOUBLE (Line Drive, 7LD, EV 105.0 MPH)
|
|
Batting: RHB Logan Morgan
|
0-0: Ball 1-0: Ball 2-0: Called Strike 2-1: Fly out, F8 (Flyball, 8LM, EV 90.0 MPH)
|
|
Batting: RHB Joe LaDue
|
0-0: Called Strike 0-1: Swinging Strike 0-2: Ball 1-2: Ground out U3 (Groundball, 34S, EV 86.2 MPH) Mitchell Greene to third
|
|
Batting: LHB Alfredo de la Cruz
|
0-0: Fly out, F7 (Flyball, 78M, EV 93.1 MPH)
|
| Bottom of the 5th over - 0 runs, 1 hit, 0 errors, 1 left on base; New Orleans 0 - Albuquerque 2 |
| TOP OF THE 6TH |
|
New Orleans Zephyrs batting - Pitching for Albuquerque Isotopes : RHP Rafael Gonzales
|
|
Batting: LHB David Doge
|
0-0: Swinging Strike 0-1: Foul Ball, location: 2F 0-2: Strikes out swinging
|
|
Batting: RHB Rick Fell
|
0-0: Ball 1-0: Ball 2-0: Swinging Strike 2-1: Fly out, F8 (Flyball, 8LM, EV 93.1 MPH)
|
|
Batting: RHB Manuel Taveras
|
0-0: Called Strike 0-1: Single, Error in OF, E9, batter to second base (Groundball, 34S, EV 95.6 MPH)
|
|
Batting: RHB Adam McGurn
|
0-0: Ball 1-0: Foul Ball, location: 2F 1-1: Ball 2-1: Called Strike 2-2: Fly out, F6 (Popup, 56, EV 80.0 MPH)
|
| Top of the 6th over - 0 runs, 1 hit, 1 error, 1 left on base; New Orleans 0 - Albuquerque 2 |
| BOTTOM OF THE 6TH |
|
Albuquerque Isotopes batting - Pitching for New Orleans Zephyrs : RHP John Dinsmore
|
|
Batting: LHB Pablo Cardona
|
0-0: Swinging Strike 0-1: Ball 1-1: Swinging Strike 1-2: Strikes out swinging
|
|
Batting: RHB Chris King
|
0-0: Fly out, F9 (Flyball, 9D, EV 88.8 MPH)
|
|
Batting: SHB Jamel Wright
|
0-0: Ball 1-0: Called Strike 1-1: Ball 2-1: Called Strike 2-2: Ball 3-2: Base on Balls
|
|
Batting: LHB Chad Persaud
|
0-0: Ball 1-0: Foul Ball, location: 2F 1-1: Swinging Strike 1-2: Ball 2-2: Ball Jamel Wright steals 2nd base 3-2: Ground out 6-3 (Groundball, 6, EV 103.8 MPH)
|
| Bottom of the 6th over - 0 runs, 0 hits, 0 errors, 1 left on base; New Orleans 0 - Albuquerque 2 |
| TOP OF THE 7TH |
|
New Orleans Zephyrs batting - Pitching for Albuquerque Isotopes : RHP Rafael Gonzales
|
|
Batting: LHB Eric Bailey
|
0-0: Ball 1-0: Foul Ball, location: 2F 1-1: Ball 2-1: Ball 3-1: Fly out, F8 (Flyball, 8LS, EV 73.8 MPH)
|
|
Batting: RHB Isaiah Brockman
|
0-0: Called Strike 0-1: Called Strike 0-2: Foul Ball, location: 2F 0-2: Foul Ball, location: 2F 0-2: Ball 1-2: Strikes out swinging
|
|
Batting: RHB Torquato Obawole
|
0-0: SINGLE (Groundball, 34D, EV 96.9 MPH)
|
|
Pitching: RHP Paulo Guincho
|
|
|
Batting: RHB Masumitsu Sugiura
|
0-0: Ball Torquato Obawole steals 2nd, throwing error, E2 Torquato Obawole to third 1-0: Foul Ball, location: 2F 1-1: Fly out, F9 (Line Drive, 9LS, EV 92.5 MPH)
|
| Top of the 7th over - 0 runs, 1 hit, 1 error, 1 left on base; New Orleans 0 - Albuquerque 2 |
| BOTTOM OF THE 7TH |
|
Albuquerque Isotopes batting - Pitching for New Orleans Zephyrs : RHP John Dinsmore
|
|
Batting: RHB Sadataka Kuwahara
|
0-0: Swinging Strike 0-1: Ground out 6-3 (Groundball, 6, EV 93.1 MPH)
|
|
Batting: SHB Mitchell Greene
|
0-0: Ball 1-0: SOLO HOME RUN (Flyball, 89XD, EV 115.0 MPH), Distance : 437 ft
|
|
Batting: RHB Logan Morgan
|
0-0: Called Strike 0-1: Swinging Strike 0-2: SINGLE (Groundball, 6MD, EV 101.2 MPH)
|
|
Batting: RHB Joe LaDue
|
0-0: Ball 1-0: Ball 2-0: Ball 3-0: Base on Balls Logan Morgan to second
|
|
Batting: LHB Alfredo de la Cruz
|
0-0: Ball 1-0: Swinging Strike 1-1: Ball 2-1: Foul Ball, location: 2F 2-2: Strikes out swinging
|
|
Pitching: RHP Giampaolo Nobile
|
|
|
Batting: LHB Pablo Cardona
|
0-0: Ball 1-0: Ball 2-0: Foul Ball, location: 2F 2-1: Fly out, F9 (Flyball, 9D, EV 92.5 MPH)
|
| Bottom of the 7th over - 1 run, 2 hits, 0 errors, 2 left on base; New Orleans 0 - Albuquerque 3 |
| TOP OF THE 8TH |
|
New Orleans Zephyrs batting - Pitching for Albuquerque Isotopes : RHP Paulo Guincho
|
|
Batting: RHB John Jackson
|
0-0: Ball 1-0: Swinging Strike 1-1: Swinging Strike 1-2: Foul Ball, location: 2F 1-2: Foul Ball, location: 2F 1-2: Ground out 6-3 (Groundball, 6, EV 90.6 MPH)
|
|
Batting: LHB David Doge
|
0-0: Ball 1-0: Called Strike 1-1: SINGLE (Line Drive, 9S, EV 85.0 MPH)
|
|
Batting: RHB Rick Fell
|
0-0: Ball 1-0: Ball 2-0: Called Strike 2-1: Foul Ball, location: 2F 2-2: Foul Ball, location: 2F 2-2: Strikes out swinging
|
|
Batting: RHB Manuel Taveras
|
0-0: Ball 1-0: Foul Ball, location: 2F 1-1: Foul Ball, location: 2F 1-2: Strikes out swinging
|
| Top of the 8th over - 0 runs, 1 hit, 0 errors, 1 left on base; New Orleans 0 - Albuquerque 3 |
| BOTTOM OF THE 8TH |
|
Albuquerque Isotopes batting - Pitching for New Orleans Zephyrs : RHP Giampaolo Nobile
|
|
Batting: RHB Chris King
|
0-0: Ball 1-0: Called Strike 1-1: Swinging Strike 1-2: Foul Ball, location: 2F 1-2: SINGLE (Groundball, 34D, EV 96.9 MPH)
|
|
Batting: SHB Jamel Wright
|
0-0: Called Strike 0-1: Fly out, F9 (Flyball, 9D, EV 108.1 MPH)
|
|
Batting: LHB Chad Persaud
|
0-0: Called Strike 0-1: Fly out, F9 (Flyball, 9LS, EV 93.8 MPH)
|
|
Batting: RHB Sadataka Kuwahara
|
0-0: Called Strike 0-1: Ball 1-1: Ball 2-1: Ground out 4-3 (Groundball, 34S, EV 86.2 MPH)
|
| Bottom of the 8th over - 0 runs, 1 hit, 0 errors, 1 left on base; New Orleans 0 - Albuquerque 3 |
| TOP OF THE 9TH |
|
New Orleans Zephyrs batting - Pitching for Albuquerque Isotopes : RHP Paulo Guincho
|
|
Pitching: RHP Humberto Gutierrez
|
|
|
Batting: RHB Adam McGurn
|
0-0: Ground out 5-3 (Groundball, 56S, EV 70.0 MPH)
|
|
Batting: LHB Eric Bailey
|
0-0: Ball 1-0: Ball 2-0: Called Strike 2-1: Swinging Strike 2-2: Strikes out swinging
|
|
Batting: RHB Isaiah Brockman
|
0-0: Foul Ball, location: 2F 0-1: Ground out U3 (Groundball, 3, EV 106.9 MPH)
|
| Top of the 9th over - 0 runs, 0 hits, 0 errors, 0 left on base; New Orleans 0 - Albuquerque 3 |
|